 Dungeon Crawl Stone Soup version 0.29.1-2-gbd0b4ee654 (webtiles) character file.

Game seed: 7263178456068029465

383 MisterFreud the Sneak (level 6, -1/42 HPs)
             Began as a Felid Berserker on Nov 1, 2022.
             Was a Believer of Trog.
             Slain by a gnoll
             ... wielding a +0 club
             ... led by a gnoll sergeant
              (5 damage)
             ... on level 5 of the Dungeon.
             The game lasted 00:03:45 (5139 turns).

MisterFreud the Sneak (Felid Berserker)             Turns: 5139, Time: 00:03:45

Health: -1/42      AC:  2    Str: 13    XL:     6   Next: 47%
Magic:  7/7        EV: 19    Int:  8    God:    Trog [**....]
Gold:   70         SH:  0    Dex: 18    Spells: 5/5 levels left
                                        Lives:  0   Deaths: 1

rFire   . . .      SeeInvis +     - Unarmed
rCold   . . .      Faith    .   (shield unavailable)
rNeg    . . .      Spirit   .   (body armour unavailable)
rPois   +          Reflect  .   (helmet unavailable)
rElec   .          Harm     .   (cloak unavailable)
rCorr   .          Rampage  .   (gloves unavailable)
Will    .....                   (boots unavailable)
Stlth   ..........              (no amulet)
HPRegen 0.14/turn               e - ring of poison resistance
MPRegen 0.10/turn               (no ring)

@: berserking, marked, very quick
A: very small, claws 1, fangs 3, see invisible, speed 1, shaggy fur 2, stealthy
paws, no weapons or thrown items, no armour, multi-lived
a: Renounce Religion, Berserk, Trog's Hand


You were on level 5 of the Dungeon.
You worshipped Trog.
Trog was pleased with you.
You visited 1 branch of the dungeon, and saw 5 of its levels.

You collected 70 gold pieces.

Inventory:

Jewellery
 b - an amulet of magic regeneration
 e - a ring of poison resistance (left paw)
Wands
 l - a wand of flame (21)
 m - a wand of paralysis (13)
Scrolls
 f - 2 scrolls of identify
 g - 3 scrolls of teleportation
 h - a scroll of enchant weapon {unknown}
 j - a scroll of vulnerability
 o - a scroll of silence
 r - a scroll of butterflies {unknown}
Potions
 a - a potion of curing {unknown}
 c - a potion of degeneration
 d - a potion of magic {unknown}
 i - 2 potions of lignification {unknown}
 k - 2 potions of might {unknown}
 n - a potion of cancellation {unknown}
 p - a potion of brilliance {unknown}
 q - a potion of invisibility {unknown}


   Skills:
 - Level 3.0 Fighting
 + Level 4.6 Dodging
 - Level 6.0 Stealth
 - Level 6.0 Unarmed Combat


You had 5 spell levels left.
You didn't know any spells.
Your spell library was empty.

Dungeon Overview and Level Annotations

Branches:
Dungeon (5/15)
 Temple: D:4-7

Altars:
Elyvilon
Fedhas
Nemelex Xobeh
Qazlal
Trog

Annotations:
D:4 2 transporters


Innate Abilities, Weirdness & Mutations

You have sharp claws.
You have razor-sharp teeth.
You have supernaturally acute eyesight. (SInv)
You cover ground quickly. (Speed+)
You are covered in thick fur. (AC +2)
Your paws help you pounce on unaware monsters.
You are incapable of wielding weapons or throwing items.
You cannot wear armour.
You gain extra lives every three experience levels.


Message History

The orc closely misses you.
You scratch the orc. You claw the orc.
You kill the orc!
Trog accepts your kill. The adder barely misses you.
The gnoll sergeant completely misses you.
A gnoll comes into view. It is wielding a +0 club.
The adder closely misses you.
A red film seems to cover your vision as you go berserk!
You feel yourself moving faster!
You feel mighty! The adder completely misses you.
The gnoll sergeant closely misses you. The gnoll misses you.
You miss the adder. Your bite misses the adder.
The adder is moderately wounded.
The hound misses you. The adder barely misses you.
You barely miss the adder.
The adder is moderately wounded.
The gnoll sergeant hits you from afar with a +0 spear!
The hound completely misses you. The adder closely misses you.
You barely miss the adder. You bite the adder!
You kill the adder!
Trog accepts your kill. The hound closely misses you.
The gnoll sergeant closely misses you.
The gnoll hits you from afar with a +0 spear.
The gnoll closely misses you.
You mangle the hound!!
You kill the hound!
Trog accepts your kill.
An orc comes into view. It is wielding a +0 hand axe.
The gnoll sergeant hits you with a +0 spear!
* * * LOW HITPOINT WARNING * * *
The gnoll completely misses you. The gnoll hits you with a +0 spear.
* * * LOW HITPOINT WARNING * * *
You see here a hound corpse.
You closely miss the gnoll. You barely miss the gnoll.
The gnoll sergeant completely misses you.
An orc comes into view. It is wielding a +0 dagger.
The gnoll misses you. The gnoll hits you with a +0 club.
You die...

................).........
........)))...............
........))........##...###
###.##..####.#######...#
##.##..#######... #....
..................
..................
...........)......
.........@g.......
........ggg.......
....##....###..... ....
#....# ..... .. +.....
.... #...o. ... #.<... ...
#...o.#


You could see a gnoll sergeant, 3 gnolls and 2 orcs.

Vanquished Creatures
  Menkaure (D:4)
  A phantom (D:4)
  A hound (D:5)
  Crazy Yiuf (D:2)
  2 gnolls (D:2)
  6 adders
  An ufetubus (D:5)
  2 worms
  8 orcs
  3 ball pythons
  3 endoplasms
  3 giant cockroaches
  4 goblins
  9 hobgoblins
  11 jackals
  4 quokkas
  9 bats
  3 frilled lizards
  2 kobolds (D:1)
  7 rats
81 creatures vanquished.

Vanquished Creatures (others)
  50 plants
50 creatures vanquished.

Grand Total: 131 creatures vanquished

Notes
Turn   | Place    | Note
-------+----------+-------------------------------------------
     0 | D:1      | MisterFreud the Felid Berserker began the quest for the
                  | Orb.
     0 | D:1      | Reached XP level 1. HP: 10/10 MP: 2/2
    27 | D:1      | Reached skill level 1 in Stealth
   259 | D:1      | Reached XP level 2. HP: 14/14 MP: 3/3
   660 | D:1      | Found a faded altar of an unknown god.
  1007 | D:1      | Reached XP level 3. HP: 13/17 MP: 4/4
  1288 | D:1      | You fall into a shaft and drop 1 floor!
  2053 | D:2      | Found a runed translucent door.
  2054 | D:2      | Noticed Crazy Yiuf
  2140 | D:2      | Reached ** piety under Trog
  2141 | D:2      | Reached XP level 4. HP: 21/21 MP: 5/5
  2165 | D:2      | Found a sparkling altar of Nemelex Xobeh.
  2207 | D:2      | Slain by a gnoll
  2208 | D:2      | Reached XP level 3. HP: -3/17 MP: 4/4
  2706 | D:2      | Killed Crazy Yiuf
  2707 | D:2      | Reached XP level 4. HP: 6/21 MP: 5/5
  3833 | D:4      | Reached skill level 5 in Stealth
  3923 | D:4      | Found a white marble altar of Elyvilon.
  3924 | D:4      | Found a blossoming altar of Fedhas.
  3979 | D:4      | Found a stormy altar of Qazlal.
  4000 | D:4      | Found a bloodstained altar of Trog.
  4209 | D:4      | Noticed Menkaure
  4216 | D:4      | Killed Menkaure
  4217 | D:4      | Reached skill level 5 in Unarmed Combat
  4217 | D:4      | Reached XP level 5. HP: 20/24 MP: 6/6
  4347 | D:4      | Found a transporter.
  4488 | D:4      | Found a transporter.
  4632 | D:4      | Noticed a phantom
  4652 | D:4      | Killed a phantom
  4653 | D:4      | Gained mutation: You are covered in thick fur. (AC +2)
                  | [Felid growth]
  4653 | D:4      | Reached XP level 6. HP: 13/28 MP: 7/7
  4838 | D:5      | Entered Level 5 of the Dungeon
  5139 | D:5      | Slain by a gnoll

Illustrated notes

Levels and vault maps discovered:
D:1:      matt_arrival_grand_opening, layout_rooms,
          dilly_ecumenical_altar_fadedgnrine
D:2:      layout_rooms, serial_bayou, serial_bayou_crossing,
          serial_bayou_lake_a, serial_bayou_pond_c, serial_bayou_pond_e,
          basic_altar, kennysheep_generic_room_3, uniq_crazy_yiuf_cottage
D:3:      layout_basic, grunt_decor_one_mirror
D:4:      gammafunk_cloud_chamber, layout_gridville, overflow_temple_1_default,
          mainiacjoe_overflow_brackets, amethyst_overflow_temple_binary,
          uniq_menkaure
D:5:      layout_gridville, grunt_temple_overflow_lords_of_destruction,
          mainiacjoe_overflow_catwalk, general_overflow_altar,
          gammafunk_ghost_smash, nrook_campfire, uniq_eustachio

Skill      XL: |  1  2  3  4  5  6 |
---------------+-------------------+-----
Stealth        | 1 2 3 6 |  6.0
Unarmed Combat | 4 5 6 |  6.0
Fighting       | |  3.0
Dodging        | |  4.6

Action                   |  1- 3 |  4- 6 || total
-------------------------+-------+-------++-------
Melee: Unarmed           |   118 |   121 ||   239
       Bite              |     7 |    11 ||    18
       Punch             |     2 |     2 ||     4
Invok: Berserk           |     2 |     4 ||     6
  Use: Scroll            |       |     6 ||     6
 Stab: Distracted        |     1 |       ||     1
       Sleeping          |    11 |     4 ||    15
Armor: Skin              |     1 |     3 ||     4
Dodge: Dodged            |   116 |   125 ||   241
